Map: Jagannatha LE

Players

Wrathknight

  • Race: Protoss Protoss
  • League: Diamond

ViBE - Winner!

  • Race: Terran Terran
  • League: Diamond

VOD

Have the link to the VOD?

Description

Time

  • Played on: April 13, 2021, 8:01 p.m.
  • Length: 12:10
Show
View Real Time Build Order
Export as new Build Order

Wrathknight Protoss 

Build Orders:  

Get SALT Encoding   

  12  0:00  Probe  
  13  0:12  Probe  
  14  0:18  Pylon  
  14  0:24  Probe  
  15  0:36  Probe (Chrono Boost)  
  15  0:38  Gateway  
  16  0:47  Probe (Chrono Boost), Assimilator  
  17  0:51  Probe (Chrono Boost)  
  18  1:03  Probe  
  19  1:04  Assimilator  
  19  1:15  Probe  
  20  1:24  Cybernetics Core  
  20  1:33  Probe  
  20  1:34  Pylon  
  21  1:45  Probe  
  22  1:57  Probe  
  23  2:01  Warp Gate  
  23  2:05  Nexus  
  23  2:14  Stalker (Chrono Boost)  
  25  2:17  Probe  
  26  2:26  Robotics Facility  
  25  2:51  Stalker  
  25  2:53  Probe (Chrono Boost)  
  28  3:00  Gateway  
  28  3:03  Probe (Chrono Boost)  
  29  3:08  Probe (Chrono Boost)  
  30  3:17  Pylon  
  30  3:20  Observer  
  30  3:21  Stalker  
  33  3:30  Probe x2  
  35  3:38  Pylon  
  35  3:42  Observer, Probe (Chrono Boost)  
  35  3:43  Probe (Chrono Boost)  
  38  3:54  Probe (Chrono Boost)  
  38  3:55  Probe (Chrono Boost)  
  40  3:57  Stalker  
  40  4:00  Stalker  
  40  4:02  Probe (Chrono Boost)  
  45  4:11  Probe  
  45  4:12  Probe  
  47  4:23  Probe  
  48  4:26  Probe, Nexus  
  48  4:28  Pylon  
  49  4:39  Probe x2 (Chrono Boost)  
  49  4:44  Assimilator  
  51  4:47  Assimilator  
  51  4:51  Immortal, Probe x2 (Chrono Boost)  
  57  4:56  Probe x2 (Chrono Boost)  
  59  5:05  Probe  
  60  5:09  Observer  
  60  5:10  Probe  
  60  5:13  Stalker  
  63  5:16  Stalker  
  63  5:21  Shield Battery  
  65  5:30  Immortal  
  69  5:39  Stalker  
  59  5:52  Stalker  
  30  6:05  Stalker  
  32  6:15  Probe x2 (Chrono Boost)  
  35  6:20  Probe (Chrono Boost)  
  35  6:25  Probe x2 (Chrono Boost)  
  37  6:28  Probe (Chrono Boost)  
  37  6:29  Probe x2 (Chrono Boost)  
  37  6:31  Twilight Council  
  40  6:33  Forge  
  40  6:38  Robotics Bay  
  40  6:39  Probe (Chrono Boost)  
  41  6:42  Probe (Chrono Boost), Shield Battery  
  41  6:43  Probe (Chrono Boost)  
  43  6:51  Probe (Chrono Boost)  
  46  6:55  Probe x2 (Chrono Boost)  
  46  6:59  Probe (Chrono Boost)  
  46  7:01  Probe x2 (Chrono Boost)  
  47  7:02  Immortal  
  47  7:05  Probe  
  47  7:07  Probe  
  54  7:09  Probe  
  56  7:15  Charge  
  56  7:16  Protoss Ground Weapons Level 1  
  56  7:19  Probe x2 (Chrono Boost)  
  58  7:26  Probe (Chrono Boost)  
  59  7:32  Probe (Chrono Boost)  
  59  7:37  Probe (Chrono Boost)  
  62  7:38  Stalker  
  62  7:40  Probe (Chrono Boost)  
  62  7:41  Probe (Chrono Boost)  
  65  7:48  Colossus (Chrono Boost)  
  65  7:50  Extended Thermal Lance (Chrono Boost)  
  65  7:51  Gateway  
  65  7:53  Gateway  
  71  7:59  Probe x3  
  74  8:11  Probe  
  75  8:18  Probe x2  
  77  8:23  Probe  
  78  8:27  Gateway  
  78  8:28  Gateway  
  78  8:32  Pylon  
  78  8:33  Pylon  
  78  8:34  Colossus  
  78  8:38  Pylon  
  84  8:41  Dark Shrine, Probe  
  84  8:44  Assimilator  
  84  8:46  Assimilator, Pylon  
  85  8:50  Probe x2  
  85  8:54  Stalker x3  
  93  9:05  Stalker  
  93  9:06  Blink (Chrono Boost)  
  95  9:17  Probe x2  
  95  9:18  Probe  
  98  9:25  Protoss Ground Armor Level 1  
  98  9:40  Zealot x2  
  98  9:41  Zealot x4  
  109  9:48  Probe  
  109  9:49  Probe x2  
  107  10:03  Zealot x3  
  107  10:04  Probe  
  107  10:05  Probe x2  
  110  10:20  Dark Templar x2  
  114  10:23  Nexus  
  114  10:25  Pylon  
  114  10:27  Pylon  
  114  10:32  Stalker  
  116  10:42  Colossus  
  122  10:58  Stalker  
  122  10:59  Stalker x4  
  130  11:19  Stalker  
  62  11:40  Zealot x4  
Show
View Real Time Build Order
Export as new Build Order

ViBE Terran - Winner!

Build Orders: Reaper Expand 

Get SALT Encoding   

  12  0:01  SCV  
  13  0:13  SCV  
  14  0:17  Supply Depot  
  14  0:25  SCV  
  15  0:39  SCV  
  15  0:40  Barracks  
  16  0:44  Refinery  
  16  0:51  SCV  
  17  1:03  SCV  
  18  1:16  SCV  
  19  1:29  Orbital Command  
  19  1:30  Reaper  
  20  1:41  Command Center  
  20  1:53  Supply Depot  
  20  1:57  SCV  
  21  2:02  Marine  
  22  2:11  SCV  
  23  2:21  Barracks x2  
  23  2:23  SCV  
  23  2:25  Barracks Reactor  
  24  2:35  SCV  
  25  2:47  SCV  
  26  2:53  Orbital Command  
  26  2:55  Bunker  
  26  2:59  SCV  
  26  3:03  Marine x2  
  29  3:07  Barracks Tech Lab  
  29  3:09  Barracks Tech Lab  
  29  3:11  SCV, Engineering Bay  
  30  3:23  SCV  
  30  3:24  SCV  
  32  3:30  Marauder, Marine  
  32  3:31  Marine  
  36  3:34  Marauder  
  36  3:35  SCV  
  36  3:36  SCV  
  36  3:39  Terran Infantry Weapons Level 1  
  40  3:48  SCV x2  
  42  3:49  Stimpack  
  42  3:53  Supply Depot  
  42  3:55  Supply Depot  
  42  4:00  SCV x2  
  42  4:02  Marine x2  
  46  4:16  Concussive Shells  
  45  4:18  Marauder x2  
  45  4:20  SCV x2, Marine x2  
  53  4:26  Supply Depot  
  53  4:32  SCV x2  
  55  4:41  Marine x2  
  55  4:42  Marauder x2  
  55  4:44  SCV  
  62  4:47  SCV  
  63  4:53  Supply Depot x2  
  63  4:56  SCV  
  63  4:59  SCV  
  65  5:06  Marine  
  65  5:07  Marauder x2  
  70  5:15  SCV x2, Marine  
  73  5:24  Command Center  
  73  5:25  Barracks  
  73  5:27  SCV  
  74  5:29  Marauder, Barracks  
  74  5:32  Marine  
  74  5:33  Marine  
  74  5:34  Marauder  
  74  5:35  SCV  
  81  5:39  SCV  
  81  5:41  Supply Depot  
  82  5:43  Supply Depot  
  71  5:58  SCV  
  71  5:59  SCV  
  71  6:00  Marine  
  71  6:01  Marauder x2, Marine  
  78  6:10  SCV  
  78  6:11  SCV  
  77  6:18  Refinery  
  69  6:19  Refinery  
  69  6:20  Refinery, Factory  
  69  6:23  SCV x2  
  69  6:25  Barracks Reactor  
  71  6:26  Supply Depot, Marine x2  
  71  6:28  Supply Depot, Marine x2  
  75  6:33  Barracks Tech Lab  
  75  6:35  SCV x2  
  77  6:45  Marine x2  
  77  6:46  Marine  
  58  6:47  Marauder, Orbital Command, SCV x2  
  84  6:59  SCV x2  
  84  7:00  Terran Infantry Armor Level 1, Engineering Bay  
  86  7:04  Armory  
  86  7:07  Marauder x2, Marine x4  
  86  7:08  Marine  
  95  7:12  Supply Depot, SCV  
  95  7:13  SCV x2  
  95  7:15  Supply Depot  
  98  7:18  Starport  
  98  7:21  Factory Reactor  
  98  7:26  Marauder  
  98  7:27  Marine x3  
  98  7:28  Marauder, Marine  
  106  7:37  SCV x2  
  106  7:38  SCV  
  109  7:44  Refinery  
  109  7:45  Refinery  
  109  7:48  Supply Depot  
  109  7:49  Command Center, Supply Depot, SCV x2  
  109  7:50  SCV  
  109  7:51  Supply Depot  
  112  7:52  Terran Infantry Weapons Level 2  
  112  8:01  SCV  
  112  8:02  SCV  
  114  8:06  SCV, Medivac x2, Barracks  
  114  8:08  Marauder x2, Barracks x2, Marine  
  114  8:09  Marauder, Marine x3  
  129  8:14  Supply Depot, SCV x2  
  129  8:18  SCV  
  132  8:26  SCV, Marine x2  
  132  8:27  Marine x2  
  135  8:28  Terran Vehicle Weapons Level 1  
  135  8:30  Marauder x3, Factory Tech Lab  
  135  8:33  Combat Shield  
  143  8:38  Medivac  
  143  8:39  Medivac  
  147  8:44  Marine x3  
  147  8:45  Marine  
  151  8:51  Marauder x3  
  151  8:55  SCV x2  
  159  8:56  SCV  
  159  8:57  Barracks Reactor, Barracks Tech Lab  
  159  9:02  Marine x2  
  162  9:07  SCV x2  
  162  9:08  SCV  
  162  9:09  Planetary Fortress  
  165  9:12  Marauder x2  
  165  9:13  Marauder  
  165  9:14  Barracks  
  165  9:15  Barracks  
  171  9:17  Supply Depot  
  171  9:19  SCV x2  
  171  9:21  SCV  
  171  9:23  Marauder, Marine  
  178  9:31  SCV  
  178  9:34  Marauder  
  180  9:40  Marauder x2, Supply Depot, Marine x4  
  180  9:43  SCV  
  180  9:44  Marauder  
  183  9:55  Marauder  
  183  10:03  Barracks Reactor  
  183  10:04  Marauder, Marine  
  183  10:05  Marauder, Marine x5  
  183  10:06  Viking x2, Marauder  
  195  10:11  Starport  
  191  10:16  Marauder  
  191  10:18  Missile Turret  
  193  10:22  Marine  
  193  10:27  Missile Turret x2  
  194  10:29  Missile Turret  
  194  10:30  Barracks Reactor, Barracks Tech Lab  
  194  10:36  Missile Turret  
  194  10:41  Missile Turret  
  194  10:42  Marauder, Command Center  
  200  10:43  Marauder x2  
  200  10:47  Missile Turret  
  200  11:03  Starport Reactor  
  174  11:40  Medivac  
  174  11:42  Marauder x5, Marine x8  
Tags
 
Add a new tag
Caveats
  • Supply blocks, unpowered buildings, or Contaminate may cause inaccurate times.
  • Supply counts are checked every 10 seconds.